 Dungeon Crawl Stone Soup version 0.32-a0-699-g1ee5eff69a (webtiles) character file.

Game seed: 4381821383819990444

2089 smashvw the Trooper (level 9, -1/47 (49) HPs)
             Began as a Vine Stalker Berserker on Mar 14, 2024.
             Was an Elder of Trog.
             Slain by a komodo dragon (12 damage)
             ... on level 8 of the Dungeon.
             The game lasted 00:19:25 (5555 turns).

smashvw the Trooper (Vine Stalker Berserker)        Turns: 5555, Time: 00:19:25

HP:   -1/47 (49)    AC:  8    Str: 31    XL:     9   Next: 27%
MP:   0/10          EV: 11    Int: 11    God:    Trog [****..]
Gold: 417           SH:  6    Dex: 21    Spells: 8/8 levels left

rFire   . . .        C - +2 dagger (speed)
rCold   . . .        j - +0 buckler
rNeg    . . .        w - +4 robe of Augmentation {Str+4 Int+4 Dex+4}
rPois   .            i - +0 helmet
rElec   .            b - scarf {harm}
rCorr   .            l - +0 pair of gloves
SInv    .            (no boots)
Will    +....        (no amulet)
Stlth   ++++         d - +6 ring of strength
HPRegen 1.07/turn    s - +4 ring of slaying
MPRegen 0.12/turn

%: harm (+30% outgoing, +20% incoming), guardian spirit
@: marked, on berserk cooldown, slowed, lightly drained, very slow
A: fangs 3, regeneration 1, magic shield, antimagic bite, no potion heal 2
a: Renounce Religion, Berserk, Trog's Hand, Brothers in Arms


You were on level 8 of the Dungeon.
You worshipped Trog.
Trog was greatly pleased with you.
You visited 2 branches of the dungeon, and saw 9 of its levels.

You collected 417 gold pieces.

Inventory:

Hand Weapons
 q - a +2 dagger of venom
 C - a +2 dagger of speed (weapon)
Missiles
 L - 2 throwing nets
Armour
 b - a scarf of harm (worn)
 i - a +0 helmet (worn)
 j - a +0 buckler (worn)
 l - a +0 pair of gloves (worn)
 w - the +4 robe of Augmentation (worn) {Str+4 Int+4 Dex+4}
   (You found it on level 3 of the Dungeon)

   Str+4:     It affects your strength (+4).
   Int+4:     It affects your intelligence (+4).
   Dex+4:     It affects your dexterity (+4).
 B - a +0 chain mail
Jewellery
 d - a +6 ring of strength (left hand)
 s - a +4 ring of slaying (right hand)
 x - a +6 ring of intelligence
 D - a +4 ring of slaying
Wands
 m - a wand of iceblast (6)
 E - a wand of polymorph (2)
 I - a wand of mindburst (2) (quivered)
Scrolls
 e - 3 scrolls of immolation {unknown}
 f - 10 scrolls of identify {unknown}
 h - 5 scrolls of teleportation {unknown}
 k - a scroll of brand weapon {unknown}
 n - a scroll of revelation {unknown}
 o - 5 scrolls of fear
 p - 2 scrolls of summoning {unknown}
 r - a scroll of acquirement {unknown}
 u - a scroll of torment {unknown}
 v - 3 scrolls of fog {unknown}
 y - 2 scrolls of poison {unknown}
 F - a scroll of amnesia {unknown}
 G - a scroll of silence {unknown}
Potions
 a - 2 potions of invisibility {unknown}
 c - 3 potions of lignification {unknown}
 g - 2 potions of heal wounds {unknown}
 t - 3 potions of degeneration {unknown}
 z - 2 potions of curing {unknown}
 A - a potion of brilliance {unknown}
 H - 2 potions of attraction {unknown}
 J - 2 potions of might {unknown}
 K - a potion of enlightenment {unknown}


   Skills:
 + Level 6.7 Fighting
 + Level 6.5 Short Blades
 - Level 1.5 Armour
 - Level 1.5 Dodging
 - Level 6.0 Stealth
 - Level 5.0 Shields
 + Level 0.3 Evocations


You had 8 spell levels left.
You didn't know any spells.
Your spell library was empty.

Dungeon Overview and Level Annotations

Branches:
Dungeon (8/15)             Temple (1/1) D:4
   Lair: D:8-11

Altars:
Cheibriados
Elyvilon
Fedhas
Gozag
Hepliaklqana
Kikubaaqudgha
Makhleb
Nemelex Xobeh
Okawaru
Qazlal
Ru
Uskayaw
Vehumet
Wu Jian
Xom
Yredelemnul
Zin
The Shining One
Beogh

Shops:
D:2 [   D:6 [   D:8 (

Annotations:
D:4 3 runed translucent doors, grandjackal's ghost, amateur DsGl
D:6 1 runed translucent door, Crazy Yiuf
D:8 Jeremiah


Innate Abilities, Weirdness & Mutations

You have razor-sharp teeth.
Your natural rate of healing is unusually fast.
When hurt, damage is shared between your health and your magic reserves.
Your bite disrupts and absorbs the magic of your enemies.
Potions cannot restore your health.


Message History

You barely miss the orc. You bite the orc.
You kill the orc!
Trog accepts your kill. The orc hits you with a +0 hand axe.
A centaur zombie comes into view.
Things that are here:
a +0 dagger; a +0 leather armour; an orc corpse You feel a strong urge to attack something.
You are no longer berserk.
You are exhausted.
You feel yourself slow down. Jeremiah completely misses you.
You hit Jeremiah.
Jeremiah is moderately wounded.
Jeremiah hits you with a +3 trident of draining.
You feel drained.
You closely miss Jeremiah.
Jeremiah is moderately wounded.
The komodo dragon bites you!
* * * LOW HITPOINT WARNING * * *
You block Jeremiah's attack.
Okay, then.
Okay, then.
Okay, then.
Okay, then.
As you read the scroll labelled WEUWUO JYHUO, it crumbles to dust.
You assume a fearsome visage.
The butterfly looks frightened! x3
The komodo dragon resists with some effort.
The butterfly looks frightened! x10; The centaur zombie is unaffected.
Jeremiah looks frightened!
The orc looks frightened!
It was a scroll of fear.
A killer bee zombie comes into view.
The centaur zombie barely misses you. You block the centaur zombie's attack.
The komodo dragon bites you but does no damage.
Jeremiah begs for mercy.
Jeremiah hops!
The centaur zombie closely misses you. You block the centaur zombie's attack.
The butterfly disappears in a burst of colours! x2
The centaur zombie completely misses you.
The centaur zombie kicks you but does no damage.
The komodo dragon bites you!
You die...

.......b##
..........#
..b.......#
........Z.##
.......b..b
#.bF.b.b.>#
#.....b.°.#
#...b.blbb#
∩...b..Z@o# ..
.......##.#### .c..
...#.###..b..#
.....#.#.##.#.#.....#
#.........#...).....#
.....#.#.#.......####
#...........#....#
#....#.#.###.....#
..........##.b...##


You could see Jeremiah (fleeing), a komodo dragon, an orc (fleeing), a killer
bee zombie and a centaur zombie.

Vanquished Creatures
  Sigmund (D:6)
  A black bear (D:5)
  A hornet zombie (D:8)
  A centaur (D:8)
  A phantom (D:6)
  A wyvern zombie (D:8)
  6 wights
  8 killer bees
  A centaur zombie (D:8)
  A crimson imp (D:5)
  3 hounds
  2 jellies (D:7)
  A gnoll bouda (D:7)
  4 orc priests
  4 iguanas
  3 orc wizards
  A sleepcap (D:6)
  A killer bee zombie (D:8)
  5 gnolls (D:7)
  13 adders
  2 white imps
  4 dart slugs
  2 ribbon worms (D:3)
  16 orcs
  8 bats
  6 endoplasms
  A giant cockroach (D:2)
  4 goblins
  7 hobgoblins
  6 jackals
  6 kobolds
  5 quokkas
  10 ball pythons
  6 frilled lizards
  5 rats
147 creatures vanquished.

Notes
Turn   | Place    | Note
-------+----------+-------------------------------------------
     0 | D:1      | smashvw the Vine Stalker Berserker began the quest for the
                  | Orb.
     0 | D:1      | Reached XP level 1. HP: 11/11 MP: 2/2
   257 | D:1      | Reached skill level 1 in Stealth
   286 | D:1      | Reached XP level 2. HP: 16/16 MP: 3/3
   716 | D:1      | Reached XP level 3. HP: 20/20 MP: 4/4
   987 | D:2      | Reached ** piety under Trog
  1024 | D:2      | Found a faded altar of an unknown god.
  1074 | D:2      | Found Ruemn's Armour Emporium.
  1758 | D:3      | Reached XP level 4. HP: 24/24 MP: 3/5
  1956 | D:3      | Reached skill level 1 in Shields
  1966 | D:3      | Reached XP level 5. HP: 28/28 MP: 6/6
  2133 | D:3      | Found the +4 robe of Augmentation {Str+4 Int+4 Dex+4}
  2407 | D:4      | Reached *** piety under Trog
  2442 | D:4      | Found a staircase to the Ecumenical Temple.
  2509 | D:4      | Found a runed translucent gate.
  2510 | D:4      | Found a runed translucent gate.
  2511 | D:4      | Noticed grandjackal's ghost (amateur DsGl)
  2512 | D:4      | Found a runed translucent gate.
  2512 | D:4      | Noticed an orc warrior
  2537 | D:4      | Found a sparkling altar of Nemelex Xobeh.
  2678 | D:4      | Reached XP level 6. HP: 33/33 MP: 7/7
  3085 | D:4      | Found a roughly hewn altar of Beogh.
  3107 | Temple   | Entered the Ecumenical Temple
  3118 | D:5      | Entered Level 5 of the Dungeon
  3133 | D:5      | Noticed a black bear
  3139 | D:5      | Killed a black bear
  3163 | D:5      | Reached XP level 7. HP: 37/37 MP: 8/8
  3545 | D:5      | Found a burning altar of Makhleb.
  3546 | D:5      | Found a radiant altar of Vehumet.
  3553 | D:5      | Reached skill level 5 in Stealth
  3798 | D:6      | Noticed Sigmund
  3805 | D:6      | Killed Sigmund
  3827 | D:6      | Found a stormy altar of Qazlal.
  3827 | D:6      | Found an ornate altar of the Wu Jian Council.
  3834 | D:6      | Found a basalt altar of Yredelemnul.
  3836 | D:6      | Found a faded altar of an unknown god.
  3838 | D:6      | Found an opulent altar of Gozag.
  3919 | D:6      | Found a blossoming altar of Fedhas.
  3925 | D:6      | Found Netargh's Antique Armour Emporium.
  3997 | D:6      | Gained mutation: You have razor-sharp teeth. [Vine Stalker
                  | growth]
  3997 | D:6      | Reached XP level 8. HP: 42/42 MP: 9/9
  4068 | D:6      | Found a runed translucent door.
  4069 | D:6      | Noticed Crazy Yiuf
  4199 | D:6      | Reached skill level 5 in Fighting
  4665 | D:7      | Reached skill level 5 in Short Blades
  4708 | D:7      | Found an iron altar of Okawaru.
  4889 | D:7      | Reached **** piety under Trog
  5362 | D:8      | Reached XP level 9. HP: 36/48 MP: 8/10
  5369 | D:8      | Reached skill level 5 in Shields
  5517 | D:8      | Noticed Jeremiah
  5518 | D:8      | Found Viesiyr's Antique Weapon Shoppe.
  5544 | D:8      | Noticed a komodo dragon
  5555 | D:8      | Slain by a komodo dragon

Illustrated notes

Levels and vault maps discovered:
D:1:      tekkud_arrival_beachfront_property, layout_loops_cross
D:2:      kennysheep_six_static_rooms, layout_basic, serial_shops,
          nicolae_shop_stone, chequers_ecumenical_altar_island,
          kennysheep_minor_cross
D:3:      layout_rooms, grunt_decor_cap, grunt_ministairs_6, st_stairs_7,
          minmay_increasing_density
D:4:      layout_gridville, mainiacjoe_overflow_24_doors, temple_statues,
          biasface_ghost_orc_armoury
D:5:      layout_gridville, grunt_temple_overflow_lords_of_destruction
D:6:      layout_loops_ring, lemuel_crystal_altar,
          chequers_temple_overflow_minitemple, serial_shops,
          nicolae_shop_hallway_stairs, uniq_sigmund, uniq_crazy_yiuf_cottage
D:7:      layout_gridville, old_standard_altar, hangedman_decor_points
D:8:      layout_cave_pools, david_lair_shrubbed, serial_shops, shop,
          shop_coins, serial_undead, serial_undead_a, serial_undead_b,
          serial_undead_c, serial_undead_a, serial_undead_b, serial_undead_c,
          serial_undead_e, serial_undead_a, serial_undead_f, serial_undead_f,
          st_stairs_13, uniq_jeremiah
Temple:   compressed_dpeg_triangle_lava_temple

Skill      XL: |  1  2  3  4  5  6  7  8  9 |
---------------+----------------------------+-----
Stealth        | 1 2 3 4 5 6 |  6.0
Fighting       | 3 4 6 |  6.7
Short Blades   | 3 4 5 6 |  6.5
Shields        | 1 2 3 4 5 |  5.0
Armour         | |  1.5
Dodging        | |  1.5
Evocations     | |  0.3

Action                     |  1- 3 |  4- 6 |  7- 9 || total
---------------------------+-------+-------+-------++-------
  Melee: Short sword       |   113 |       |       ||   113
         Bite              |    25 |    28 |    51 ||   104
         Dagger            |    13 |   109 |   178 ||   300
 Invoke: Berserk           |       |     1 |     3 ||     4
  Evoke: Wand              |       |       |     3 ||     3
    Use: Scroll            |       |       |     1 ||     1
   Stab: Sleeping          |     3 |    12 |    10 ||    25
         Distracted        |       |       |     1 ||     1
 Armour: Animal skin       |    62 |    14 |       ||    76
         Robe              |       |    20 |    92 ||   112
         Chain mail        |       |     7 |       ||     7
  Dodge: Dodged            |    70 |    55 |    50 ||   175
  Block: Buckler           |     3 |    19 |    34 ||    56

Table legend: (Time is in decaauts)
 A = Elapsed time spent in this place.
 B = Non-inter-level travel time spent in this place.
 C = Inter-level travel time spent in this place.
 D = Time resting spent in this place.
 E = Time spent auto-exploring this place.
 F = Levels seen in this place.
 G = Mean time per level.
                   A        B        C        D        E       F      G
               +--------+--------+--------+--------+--------+-----+--------+
         Total |   5477 |   5298 |    179 |     99 |   4220 |   9 |  608.6 |
       Dungeon |   5475 |   5297 |    178 |     99 |   4220 |   8 |  684.4 |
        Temple |      1 |      0 |      1 |      0 |      0 |   1 |    1.0 |
               +--------+--------+--------+--------+--------+-----+--------+

Top non-repeatable levels by time:
     D:6: 915 daAuts
     D:2: 895 daAuts
     D:1: 808 daAuts
     D:7: 715 daAuts
     D:4: 711 daAuts
     D:3: 673 daAuts
     D:5: 576 daAuts
     D:8: 178 daAuts
  Temple: 1 daAuts
